 Dungeon Crawl Stone Soup version 0.30-a0-23-ge60ba3568b (webtiles) character file.

Game seed: 12172459304480579522

126 AttackTheMoon the Charlatan (level 4, 0/33 HPs)
             Began as a Demonspawn Artificer on Aug 25, 2022.
             Was a Believer of Lugonu.
             Slain by a worm (9 damage)
             ... on level 3 of the Dungeon.
             The game lasted 00:05:20 (3668 turns).

AttackTheMoon the Charlatan (Demonspawn Artificer)  Turns: 3668, Time: 00:05:21

Health: 0/33       AC:  5    Str: 14    XL:     4   Next: 83%
Magic:  13/13      EV: 12    Int: 13    God:    Lugonu [**....]
Gold:   148        SH:  0    Dex: 13    Spells: 3/3 levels left

rFire   . . .      SeeInvis .    c - +2 dagger (speed)
rCold   . . .      Faith    .    (no shield)
rNeg    . . .      Spirit   .    b - +1 leather armour
rPois   .          Reflect  .    p - +0 helmet
rElec   .          Harm     .    (no cloak)
rCorr   .          Rampage  .    (no gloves)
Will    .....                    (no boots)
Stlth   +.........               (no amulet)
HPRegen 0.11/turn                j - ring of magical power
MPRegen 0.13/turn                (no ring)

@: no status effects
A: ignite blood 1, powered by pain 1
a: Renounce Religion, Depart the Abyss, Bend Space


You were on level 3 of the Dungeon.
You worshipped Lugonu.
Lugonu was pleased with you.
You visited 1 branch of the dungeon, and saw 3 of its levels.

You collected 148 gold pieces.

Inventory:

Hand Weapons
 a - a +0 club
 c - a +2 dagger of speed (weapon)
 h - a +0 short sword
Armour
 b - a +1 leather armour (worn)
 l - a +0 scale mail
 p - a +0 helmet (worn)
Jewellery
 j - a ring of magical power (left hand)
 q - an amulet of magic regeneration
Wands
 d - a wand of charming (11) (quivered)
 e - a wand of iceblast (5)
Scrolls
 f - a scroll of identify
 o - 2 scrolls of blinking
Potions
 g - a potion of berserk rage
 i - 2 potions of curing
 k - 2 potions of magic
 m - 2 potions of heal wounds
 n - a potion of degeneration {unknown}
 r - a potion of cancellation {unknown}


   Skills:
 + Level 2.2 Fighting
 + Level 1.0 Short Blades
 + Level 2.6 Armour
 + Level 2.0 Dodging
 - Level 0.8 Stealth
 + Level 0.3 Invocations
 + Level 3.7 Evocations


You had 3 spell levels left.
You didn't know any spells.
Your spell library contained the following spells:

 Spells                   Type           Power      Damage    Failure   Level
 Sting                    Tmut/Pois      0%         1d3       36%         1
 Static Discharge         Conj/Air       0%         3-3/arc   50%         2
 Mephitic Cloud           Conj/Pois/Air  0%         N/A       75%         3
 Airstrike                Air            0%         2d(0-16)  98%         4
 Passage of Golubria      Tloc           0%         N/A       98%         4
 Silence                  Hex/Air        0%         N/A       100%        5
 Statue Form              Tmut/Erth      0%         N/A       100%        6
 Lehudib's Crystal Spear  Conj/Erth      0%         10d2      100%        8


Dungeon Overview and Level Annotations

Branches:
Dungeon (3/15)

Altars:
Makhleb
Lugonu

Annotations:
D:3 1 runed translucent door, HypermagicGuardian's ghost, amateur SpBr


Innate Abilities, Weirdness & Mutations

Your demonic aura sometimes causes spilled blood to erupt in flames.
You sometimes gain a little power by taking damage.


Message History

The worm closely misses you. The hobgoblin misses you.
You hit the worm.
The worm is almost dead.
You barely miss the worm.
The worm is almost dead.
The hobgoblin barely misses you.
You barely miss the worm.
The worm is almost dead.
The worm bites you.
* * * LOW HITPOINT WARNING * * *
The hobgoblin closely misses you.
You barely miss the worm.
The worm is almost dead.
The hobgoblin attacks as you move away!
The hobgoblin hits you but does no damage.
The hobgoblin attacks as you move away! The hobgoblin closely misses you.
You see here a +0 long sword.
You hit the hobgoblin but do no damage. The hobgoblin misses you.
You hit the hobgoblin.
The hobgoblin is severely wounded.
You closely miss the hobgoblin.
The hobgoblin is severely wounded.
The hobgoblin barely misses you.
You hit the hobgoblin.
The hobgoblin is almost dead.
The hobgoblin hits you.
* * * LOW HITPOINT WARNING * * *
You closely miss the hobgoblin.
The hobgoblin is almost dead.
You hit the hobgoblin but do no damage.
The hobgoblin is almost dead.
The hobgoblin hits you but does no damage.
You hit the hobgoblin.
You kill the hobgoblin!
Lugonu accepts your kill.
You see here a hobgoblin corpse.
You hit the worm.
The worm is severely wounded.
The worm bites you!
You die...

* *,******
*,,,,,..*####.###.##. *
*,,,,,,*
***#?##.##...........
*********,*
#.##.##........#..
,,,,,,,,*,*
##.##.##....##....#
*******,*,*
#........##.##.###. *,*,*
#...........##.# #. *,*,*
#.##.....#####.###.
*,*,*####.##...########...#
*,*,*#..†w@)............###
*,#.......###############
***,####$#### *,,,,,*#,*
*,***,**,* *,* *,,,,*
*,***,**** *,,,,,* *******


You could see a worm.

Vanquished Creatures
  4 adders
  A worm (D:2)
  2 dart slugs
  2 orcs (D:3)
  7 ball pythons
  5 endoplasms
  2 giant cockroaches
  10 goblins
  4 hobgoblins
  4 jackals
  10 kobolds
  6 quokkas
  5 bats
  A frilled lizard (D:1)
  13 rats
76 creatures vanquished.

Vanquished Creatures (others)
  2 jackals
2 creatures vanquished.

Grand Total: 78 creatures vanquished

Notes
Turn   | Place    | Note
-------+----------+-------------------------------------------
     0 | D:1      | AttackTheMoon the Demonspawn Artificer began the quest for
                  | the Orb.
     0 | D:1      | Reached XP level 1. HP: 15/15 MP: 1/1
   218 | D:1      | Reached skill level 1 in Dodging
   333 | D:1      | Gained mutation: You sometimes gain a little power by
                  | taking damage. [demonic ancestry]
   333 | D:1      | Reached XP level 2. HP: 20/21 MP: 2/2
  1055 | D:1      | Got Lyoxzous's Reference Book on Vapourous Transfiguration
  1225 | D:1      | Gained mutation: Your demonic aura sometimes causes spilled
                  | blood to erupt in flames. [demonic ancestry]
  1225 | D:1      | Reached XP level 3. HP: 26/27 MP: 3/3
  2140 | D:2      | Reached XP level 4. HP: 25/33 MP: 4/4
  2904 | D:2      | Noticed a shining eye
  2906 | D:2      | Found a faded altar of an unknown god.
  2907 | D:2      | Noticed a great orb of eyes
  2907 | D:2      | Noticed a shining eye
  2907 | D:2      | Noticed a floating eye
  3136 | D:2      | Prayed at the altar of an unknown god.
  3136 | D:2      | Became a worshipper of Lugonu the Unformed
  3136 | D:2      | Reached * piety under Lugonu
  3136 | D:2      | Reached ** piety under Lugonu
  3175 | D:3      | Found a burning altar of Makhleb.
  3202 | D:3      | Reached skill level 1 in Short Blades
  3554 | D:3      | Noticed HypermagicGuardian's ghost (amateur SpBr)
  3562 | D:3      | Found a runed translucent door.
  3668 | D:3      | Slain by a worm

Illustrated notes

Levels and vault maps discovered:
D:1:      minmay_arrival_glassed_features, layout_loops_ring,
          minmay_small_reverse_x
D:2:      wad_crossroads, layout_loops_ring,
          hellmonk_ecumenical_altar_watching_god
D:3:      layout_loops_ring, bloody_makhleb, hellmonk_ghost_happy_afterlife

Skill      XL: |  1  2  3  4 |
---------------+-------------+-----
Dodging        | 1 2 |  2.0
Armour         | 2 |  2.6
Fighting       | 2 |  2.2
Short Blades   | 1 |  1.0
Stealth        | |  0.8
Invocations    | |  0.3
Evocations     | |  3.7

Action                   |  1- 3 |  4- 6 || total
-------------------------+-------+-------++-------
Melee: Club              |    43 |       ||    43
       Dagger            |   104 |   128 ||   232
       Punch             |     1 |       ||     1
Evoke: Wand              |    19 |       ||    19
  Use: Scroll            |     3 |     7 ||    10
 Stab: Sleeping          |       |     2 ||     2
Armor: Leather armour    |    45 |    21 ||    66
Dodge: Dodged            |    92 |    45 ||   137

Table legend: (Time is in decaauts)
 A = Elapsed time spent in this place.
 B = Non-inter-level travel time spent in this place.
 C = Inter-level travel time spent in this place.
 D = Time resting spent in this place.
 E = Time spent auto-exploring this place.
 F = Levels seen in this place.
 G = Mean time per level.
                   A        B        C        D        E       F      G
               +--------+--------+--------+--------+--------+-----+--------+
         Total |   3598 |   3506 |     92 |    369 |   2643 |   3 | 1199.3 |
       Dungeon |   3598 |   3506 |     92 |    369 |   2643 |   3 | 1199.3 |
               +--------+--------+--------+--------+--------+-----+--------+

Top non-repeatable levels by time:
     D:1: 1679 daAuts
     D:2: 1451 daAuts
     D:3: 468 daAuts
